[Event "Late-Titled-Tuesday-Blitz-September-05-2023"]
[Site "Chess.com"]
[Date "2023.09.05"]
[Round "11"]
[White "Sjakkerntobi"]
[Black "kikoveiga"]
[Result "1-0"]
[WhiteElo "2484"]
[BlackElo "2552"]
[TimeControl "180+1"]
[EndTime "16:04:42 PDT"]
[Termination "Sjakkerntobi won on time"]

1. f4 d6 2. Nf3 Nc6 3. e4 g6 4. d4 Bg7 5. Be3 Nf6 6. Nc3 Bg4 7. h3 Bxf3 8. Qxf3 e5 9. fxe5 dxe5 10. O-O-O exd4 11.
Bg5 h6 12. Bh4 Qd6 13. Nd5 Nxd5 14. exd5 Ne5 15. Bb5+ c6 16. dxc6 bxc6 17. Qe4 O-O 18. Rxd4 Qc5 19. Ba4 Rfe8 20. Kb1 Rab8 21. Bb3 Kh7 22.
Rdd1 Rb4 23. Qe1 a5 24. Bf2 Qe7 25. a3 Rb7 26. Bd4 Rd8 27. Qc3 Rbd7 28. Ka2 Qg5 29. Rhe1 Qxg2 30. Bxe5 Bxe5 31. Rxd7 Bxc3 32. Rxf7+ Kh8 33.
Ree7 1-0

[Event "Late-Titled-Tuesday-Blitz-September-05-2023"]
[Site "Chess.com"]
[Date "2023.09.05"]
[Round "11"]
[White "picturesquecheck"]
[Black "Boorchess"]
[Result "1/2-1/2"]
[WhiteElo "2312"]
[BlackElo "2526"]
[TimeControl "180+1"]
[EndTime "16:04:42 PDT"]
[Termination "Game drawn by repetition"]

1. c4 e5 2. Nc3 Nc6 3. e4 Bc5 4. Nf3 d6 5. Be2 a6 6. O-O h6 7.
d3 Nge7 8. Be3 Ng6 9. Qd2 O-O 10.
a3 Bg4 11. Rfe1 Bxf3 12. Bxf3 Nh4 13. Be2 Bxe3 14. fxe3 Ne7 15. g3 Nhg6 16. Bf3 Qd7 17. Bg2 Rfe8 18. Rf1 Nh8 19. Rf2 Rf8 20. Raf1 f6 21.
d4 Rad8 22. h4 Qc6 23. b3 b5 24. Nd5 Nxd5 25. cxd5 Qb6 26. dxe5 dxe5 27. Qc3 Rfe8 28. Rc1 Re7 29. Qc5 Rd6 30. Bh3 Qxc5 31. Rxc5 Kf8 32.
Rfc2 Nf7 33. Rxc7 Rxc7 34. Rxc7 Rb6 35. b4 Nd6 36. Be6 Nc4 37. Rf7+ Ke8 38. Rxg7 Nxa3 39. Rg8+ Ke7 40. Rg7+ Ke8 41. Kf2 Nc2 42. Rg8+ Ke7 43.
Rg7+ Ke8 44. Rg8+ Ke7 45. Rg7+ Ke8 1/2-1/2

[Event "Late-Titled-Tuesday-Blitz-September-05-2023"]
[Site "Chess.com"]
[Date "2023.09.05"]
[Round "11"]
[White "TheMagician"]
[Black "HajiyevKanan"]
[Result "0-1"]
[WhiteElo "2109"]
[BlackElo "2452"]
[TimeControl "180+1"]
[EndTime "16:04:46 PDT"]
[Termination "HajiyevKanan won by resignation"]

1. d4 Nf6 2. c4 e6 3. Nf3 b6 4. g3 Ba6 5. b3 Bb4+ 6. Bd2 Be7 7.
Nc3 O-O 8. Bg2 Bb7 9. O-O d5 10. Ne5 Nbd7 11. Bg5 h6 12. Nxd7 Qxd7 13. Bf4 c6 14.
cxd5 exd5 15. Be5 Ng4 16. Bf4 Qf5 17. e4 dxe4 18. Nxe4 Rad8 19. Re1 Bb4 20. Re2 Ba6 21. Rc2 c5 22. Bd6 Rfe8 23. a3 Ba5 24. b4 Rxe4 25.
f3 Rxd4 26. Qc1 R4xd6 27. fxg4 Rd1+ 28. Qxd1 Rxd1+ 29. Rxd1 Qxc2 30. Rd8+ Kh7 31. bxa5 Qc1+ 32. Kf2 Qb2+ 33. Kg1 Qxa3 34. axb6 axb6 35. h4 Qxg3 36. Kh1 Qxh4+ 37. Kg1 Qxg4 38. Kf2 Qh4+ 0-1

[Event "Late-Titled-Tuesday-Blitz-September-05-2023"]
[Site "Chess.com"]
[Date "2023.09.05"]
[Round "11"]
[White "Aygehovit1992"]
[Black "Alohamora11"]
[Result "1-0"]
[WhiteElo "2730"]
[BlackElo "2584"]
[TimeControl "180+1"]
[EndTime "16:04:48 PDT"]
[Termination "Aygehovit1992 won by checkmate"]

1. e4 c5 2. Nf3 g6 3. Bc4 Bg7 4.
c3 e6 5. O-O Ne7 6. e5 Nbc6 7. d4 d5 8. Bb5 O-O 9. Bg5 cxd4 10.
Bxc6 bxc6 11. Nxd4 Bd7 12. Re1 h6 13. Bf6 Bxf6 14.
exf6 Nf5 15. Nxf5 gxf5 16. Qd4 Kh7 17. Nd2 Rg8 18. Nf3 Rg4 19. Qc5 Qg8 20. g3 f4 21. Ne5 fxg3 22. fxg3 Rxg3+ 23. hxg3 Qxg3+ 24. Kf1 Rg8 25. Qf2 Qh3+ 26. Ke2 Rg2 27. Nxd7 Rxf2+ 28. Kxf2 Qh2+ 29. Ke3 Qd6 30. Rg1 Qxd7 31. Rg7+ Kh8 32. Rag1 Qe8 33. Rh1 d4+ 34. cxd4 e5 35. Rxh6# 1-0

[Event "Late-Titled-Tuesday-Blitz-September-05-2023"]
[Site "Chess.com"]
[Date "2023.09.05"]
[Round "11"]
[White "KorolDimitriy75"]
[Black "gunslinger222"]
[Result "1-0"]
[WhiteElo "2347"]
[BlackElo "2424"]
[TimeControl "180+1"]
[EndTime "16:04:50 PDT"]
[Termination "KorolDimitriy75 won by resignation"]

1. d4 Nf6 2. c4 g6 3. Nc3 Bg7 4. e4 d6 5. Nf3 O-O 6. Be2 e5 7.
dxe5 dxe5 8. Qxd8 Rxd8 9. Bg5 Rf8 10. O-O-O c6 11. Nxe5 Nxe4 12. Nxe4 Bxe5 13. f4 Bg7 14. Nd6 Na6 15. Be7 Be6 16. Bxf8 Bxf8 17. Nxb7 Rb8 18. Nd8 Bf5 19. Nxc6 Rb6 20. Nd4 Nb4 21. Nxf5 Nxa2+ 22. Kc2 Nb4+ 23. Kb1 gxf5 24. Rhe1 h6 25. Bd3 Bg7 26. Bxf5 Nc6 27. Re8+ Bf8 28. Rd6 Kg7 29. Rd7 Ba3 30. Ka2 Bxb2 31. Be6 Nb4+ 32. Kxb2 Rxe6 33. Rxe6 1-0

[Event "Late-Titled-Tuesday-Blitz-September-05-2023"]
[Site "Chess.com"]
[Date "2023.09.05"]
[Round "11"]
[White "Witik"]
[Black "Bobbybunny"]
[Result "1-0"]
[WhiteElo "2637"]
[BlackElo "2232"]
[TimeControl "180+1"]
[EndTime "16:04:51 PDT"]
[Termination "Witik won by resignation"]

1. c4 c5 2. g3 Nc6 3. Bg2 g6 4.
Nc3 Bg7 5. d3 e6 6. h4 h6 7. h5 g5 8. Bxc6 bxc6 9. f4 g4 10. e4 d6 11. Qxg4 Kf8 12. Be3 Rb8 13. e5 Rxb2 14. Nge2 Ne7 15. O-O Nf5 16. Bf2 Rg8 17.
Qf3 Nd4 18. Nxd4 cxd4 19. Bxd4 c5 20. Bf2 Bb7 21. Ne4 Qd7 22. Rab1 Rxb1 23. Rxb1 Qc6 24. Qd1 f5 25. exf6 Bxf6 26. Rxb7 Qxb7 27. Nxf6 Rg7 28. Ne4 Qc6 29. Qb3 Rb7 30. Qc3 e5 31. fxe5 Rb1+ 32.
Kg2 d5 33. cxd5 Qxd5 34. Qxc5+ Qxc5 35. Bxc5+ Kf7 36. d4 Ke6 37. a3 Kf5 38. Nf2 Ke6 39. Bxa7 Kd5 40. Bc5 Rb3 41. g4 1-0

[Event "Late-Titled-Tuesday-Blitz-September-05-2023"]
[Site "Chess.com"]
[Date "2023.09.05"]
[Round "11"]
[White "NotFischer"]
[Black "Quattroporte300"]
[Result "1-0"]
[WhiteElo "2298"]
[BlackElo "2381"]
[TimeControl "180+1"]
[EndTime "16:04:56 PDT"]
[Termination "NotFischer won by resignation"]

1. e4 c5 2. Nf3 d6 3. d4 cxd4 4. Nxd4 Nf6 5. Nc3 a6 6. Bc4 Nbd7 7. f4 b5 8. Bb3 Nc5 9. O-O Bb7 10. e5 dxe5 11. fxe5 Nxb3 12. axb3 Nd5 13. e6 f6 14. Qg4 g6 15. Rd1 Nxc3 16. bxc3 Qc7 17. Bf4 Qxc3 18. Nf5 Qc5+ 19. Ne3 Bg7 20. Rd7 Bc6 21. Rc7 f5 22. Rxc6 Qxc6 23. Nxf5 Qc5+ 24. Ne3 Bxa1 25. Bh6 Bd4 26.
Qf3 O-O-O 27. Qa8+ Kc7 28. Bf4+ Be5 29. Bxe5+ Kb6 30. Qe4 Rhf8 31. h3 Rd2 32. c3 Re2 33. Bd4 Rxe3 34. Qxe3 1-0

[Event "Late-Titled-Tuesday-Blitz-September-05-2023"]
[Site "Chess.com"]
[Date "2023.09.05"]
[Round "11"]
[White "SCIM"]
[Black "zeitnot2006"]
[Result "0-1"]
[WhiteElo "2588"]
[BlackElo "2748"]
[TimeControl "180+1"]
[EndTime "16:04:57 PDT"]
[Termination "zeitnot2006 won by resignation"]

1. d4 Nf6 2. c4 e6 3. Nc3 d5 4. cxd5 exd5 5. Bg5 Be7 6. Qc2 c6 7. e3 O-O 8. Bd3 h6 9. Bh4 Ne8 10. Bg3 Nd6 11. Nge2 Nd7 12. O-O Nf6 13. f3 Re8 14. Rae1 Bf8 15. Bf2 b5 16. Ng3 Nc4 17. e4 dxe4 18.
fxe4 Ng4 19. Bxc4 bxc4 20. h3 Nxf2 21. Qxf2 Qc7 22. e5 Be6 23. Nce4 Rad8 24. Kh1 Qb6 25. Nf5 Bxf5 26. Qxf5 Qb7 27. Rf4 Qd7 28. Qh5 Qe6 29.
Ref1 Qg6 30. Qf3 Qe6 31. Rxf7 Rxd4 32. Rxf8+ Rxf8 33. Qxf8+ Kh7 34. Nd6 Qxe5 35. Nf7 Qe2 36. Rf3 Rd3 37. Rxd3 cxd3 38. Qh8+ Kg6 39. Nd6 d2 0-1

[Event "Late-Titled-Tuesday-Blitz-September-05-2023"]
[Site "Chess.com"]
[Date "2023.09.05"]
[Round "11"]
[White "IMRosen"]
[Black "geordie_derraugh"]
[Result "1-0"]
[WhiteElo "2621"]
[BlackElo "2502"]
[TimeControl "180+1"]
[EndTime "16:05:01 PDT"]
[Termination "IMRosen won on time"]

1. e3 d5 2. Ne2 Nf6 3. d3 c5 4. Nd2 Nc6 5. Nb3 e5 6. Ng3 Bd6 7. Be2 O-O 8. O-O b5 9. e4 dxe4 10. dxe4 c4 11. Nd2 Nd4 12. a4 Nxe2+ 13. Qxe2 c3 14. bxc3 bxa4 15. Rxa4 Be6 16. Nf5 Bxf5 17.
exf5 Qd7 18. Ra6 Rfd8 19. Ne4 Be7 20. Nxf6+ Bxf6 21. Qg4 Qe7 22. Ba3 h5 23. Bxe7 hxg4 24. Bxd8 Rxd8 25. Rxa7 Rc8 26. Ra3 Bg5 27. Rd1 Rb8 28.
Rb3 Rc8 29. Kf1 Bf6 30. Ke2 Kh7 31. Rd7 Kh6 32. Rxf7 Kg5 33. Ra7 Kxf5 34. Ra4 Rh8 35. h3 gxh3 36. gxh3 Rxh3 37. c4 Rh2 38. c5 Bh4 39.
Rf3+ Ke6 40. c6 Kd6 41. Rc4 1-0

[Event "Late-Titled-Tuesday-Blitz-September-05-2023"]
[Site "Chess.com"]
[Date "2023.09.05"]
[Round "11"]
[White "DTChess"]
[Black "WilsonPalencia21"]
[Result "0-1"]
[WhiteElo "2461"]
[BlackElo "2559"]
[TimeControl "180+1"]
[EndTime "16:05:01 PDT"]
[Termination "WilsonPalencia21 won on time"]

1. e4 c5 2. Nf3 d6 3. Nc3 Nf6 4. d4 cxd4 5. Nxd4 g6 6. Be3 Bg7 7. f3 O-O 8. Qd2 Nc6 9. Bc4 Ne5 10. Bb3 Bd7 11. h4 h5 12. O-O-O Rc8 13. g4 hxg4 14. h5 Nxh5 15. Bh6 Kh7 16. Bxg7 Kxg7 17. Rdg1 Rh8 18.
f4 Nc4 19. Bxc4 Rxc4 20. f5 e5 21. fxe6 fxe6 22. Rxg4 Qf6 23. e5 dxe5 24. Nf5+ exf5 25. Rxc4 Bc6 26. Rg1 Nf4 27. Rxf4 exf4 28. Qxf4 Rh4 29. Qc7+ Qf7 30. Qe5+ Qf6 31. Qc7+ Kh6 32. Ne2 f4 33. Rf1 f3 34. Ng3 Qf4+ 35. Qxf4+ Rxf4 36. Kd2 Rg4 37. Nh1 Rg2+ 38. Nf2 g5 39. Ke3 Kg6 40. Rd1 g4 41.
Rd6+ Kf5 42. Rd8 g3 43. Rf8+ Ke6 44. Ng4 Re2+ 45. Kd3 Be4+ 46. Kd4 Bf5 47. Nh6 g2 0-1

[Event "Late-Titled-Tuesday-Blitz-September-05-2023"]
[Site "Chess.com"]
[Date "2023.09.05"]
[Round "11"]
[White "2k28Lakers"]
[Black "grzechu96"]
[Result "1-0"]
[WhiteElo "2555"]
[BlackElo "2661"]
[TimeControl "180+1"]
[EndTime "16:05:03 PDT"]
[Termination "2k28Lakers won on time"]

1. e4 c5 2. c3 Nf6 3. e5 Nd5 4. Nf3 d6 5. d4 cxd4 6. Bc4 e6 7. cxd4 Nc6 8. O-O Be7 9. Qe2 O-O 10. Rd1 Na5 11. Bd3 Nb4 12. exd6 Qxd6 13. Be4 f5 14. Bc2 Nxc2 15. Qxc2 b6 16. d5 exd5 17. Nc3 Bb7 18. Nd4 g6 19. Bh6 Rfe8 20. Re1 Bf6 21. Qd2 Nc4 22. Ndb5 Qxh2+ 23. Kxh2 Nxd2 24. Bxd2 d4 25. Ne2 Rad8 26. Rac1 a6 27. Na3 b5 28. Nf4 Rxe1 29. Rxe1 Kf7 30. Nc2 g5 31. Nh5 Be7 32. Rxe7+ Kxe7 33. Bxg5+ Kd7 34. Bxd8 d3 35. Ne3 Kxd8 36. Nf4 d2 37. f3 Ke7 38. Kg3 Kd6 39. Kf2 Ke5 40. Nd3+ Kd4 41. Ke2 Bc8 42. Kxd2 Be6 43. b3 1-0

[Event "Late-Titled-Tuesday-Blitz-September-05-2023"]
[Site "Chess.com"]
[Date "2023.09.05"]
[Round "11"]
[White "nihalsarin"]
[Black "Beca95"]
[Result "1-0"]
[WhiteElo "3148"]
[BlackElo "2971"]
[TimeControl "180+1"]
[EndTime "16:05:04 PDT"]
[Termination "nihalsarin won by resignation"]

1. Nf3 Nf6 2. b3 e6 3. Bb2 Be7 4. e3 d5 5. c4 O-O 6. Nc3 b6 7.
cxd5 exd5 8. g3 Bb7 9. Bg2 a6 10.
O-O Re8 11. Ne2 Nbd7 12. Rc1 Bf8 13. Rc2 g6 14. Qa1 c5 15. d4 Ne4 16. Rfc1 h5 17.
h4 Rc8 18. Bh3 Rc7 19. Nf4 Ndf6 20. dxc5 bxc5 21. Be5 Rc6 22. Rd1 Rb6 23. Bxf6 Nxf6 24. Ng5 a5 25. Bg2 Qa8 26. Rcd2 Rd6 27. Qb1 Bg7 28.
Qc2 Rc8 29. Nxf7 Kxf7 30. Qxg6+ Kg8 31. Nxh5 Rc7 32. Rxd5 Bxd5 33. Bxd5+ Nxd5 34. Qxd6 Nxe3 35. fxe3 Qf3 36. Qd5+ Qxd5 37. Rxd5 Bc3 38. Nf4 c4 39. bxc4 Rxc4 40. Ne2 Bb4 41. a3 Bc5 42. Kf2 a4 43.
Rd3 Rc2 44. Rc3 Rxc3 45. Nxc3 Bxa3 46. Nxa4 Bd6 47. Nc3 Kf7 48. Kf3 Be5 49. Ne4 Ke6 50.
g4 Kf7 51. Nf2 Kg6 52. Nd3 Bd6 53. Nf4+ Kf6 54. Nd3 Bb8 55. e4 Ke6 56. g5 Bc7 57.
Kg4 Bd8 58. h5 1-0

[Event "Late-Titled-Tuesday-Blitz-September-05-2023"]
[Site "Chess.com"]
[Date "2023.09.05"]
[Round "11"]
[White "willyam13"]
[Black "NovikovaGalina"]
[Result "1/2-1/2"]
[WhiteElo "2482"]
[BlackElo "2413"]
[TimeControl "180+1"]
[EndTime "16:05:04 PDT"]
[Termination "Game drawn by repetition"]

1. e4 e6 2. d4 d5 3. Nc3 Bb4 4. e5 c5 5. a3 Bxc3+ 6. bxc3 Ne7 7. Nf3 Bd7 8. a4 b6 9. Bb5 Bxb5 10. axb5 Nd7 11. h4 Qc7 12. Bd2 h6 13. O-O Rc8 14.
Ra2 Rd8 15. Qa1 Nc8 16. h5 Nf8 17. Re1 Nh7 18. Qd1 Qe7 19. Qe2 Ng5 20. Nh2 O-O 21. Ng4 Kh8 22. f3 Nh7 23. Qf2 Qd7 24. Rb1 Ne7 25.
dxc5 bxc5 26. Qxc5 Nf5 27. Rxa7 Qe8 28. b6 Rc8 29. Rc7 Rb8 30. b7 Ng3 31. Rb6 Nxh5 32. Rbc6 Rxb7 33. Rxb7 Qa8 34. Ra7 Qb8 35. Rb6 Qd8 36.
Rbb7 Qh4 37. Rxf7 Rb8 38. Rfb7 Rg8 39. Rc7 Ng3 40. Rc8 Ne2+ 41. Kf1 Ng3+ 42. Kg1 Ne2+ 43. Kf1 Ng3+ 44. Kg1 1/2-1/2

[Event "Late-Titled-Tuesday-Blitz-September-05-2023"]
[Site "Chess.com"]
[Date "2023.09.05"]
[Round "11"]
[White "Msb2"]
[Black "Firouzja2003"]
[Result "1/2-1/2"]
[WhiteElo "3110"]
[BlackElo "3147"]
[TimeControl "180+1"]
[EndTime "16:05:05 PDT"]
[Termination "Game drawn by agreement"]

1. d4 Nf6 2. c4 e6 3. Nc3 Bb4 4. e3 O-O 5. Bd2 c5 6. a3 Bxc3 7. Bxc3 Ne4 8. Ne2 b6 9. d5 Ba6 10. Qd3 exd5 11. Qxd5 Qe7 12. b3 Nc6 13. Bb2 Na5 14.
Ng3 Nf6 15. Qg5 Qd8 16. Nf5 Ne8 17. Qg3 f6 18. e4 Bb7 19. b4 Nc6 20. bxc5 bxc5 21.
Be2 Ne5 22. Bxe5 fxe5 23. Qxe5 d6 24. Qe6+ Kh8 25. O-O g6 26. Ng3 Bc8 27. Qd5 Nc7 28. Qd2 Ne6 29. Rad1 Nd4 30. Bd3 Bg4 31. f3 Bxf3 32. gxf3 Nxf3+ 33. Rxf3 Rxf3 34. Be2 Rf8 35. Qc3+ Qf6 36. Qxf6+ Rxf6 37. Rb1 Re8 38. Kg2 h5 39. Bf3 Ref8 40. Rb3 Kg7 1/2-1/2

[Event "Late-Titled-Tuesday-Blitz-September-05-2023"]
[Site "Chess.com"]
[Date "2023.09.05"]
[Round "11"]
[White "rquery98"]
[Black "Jahonas"]
[Result "1-0"]
[WhiteElo "2654"]
[BlackElo "2408"]
[TimeControl "180+1"]
[EndTime "16:05:05 PDT"]
[Termination "rquery98 won by resignation"]

1. Nf3 d5 2. g3 Nf6 3. Bg2 c6 4. c4 g6 5. b3 Bg7 6. Bb2 O-O 7. O-O b6 8. d3 Bb7 9. Nbd2 c5 10. cxd5 Nxd5 11.
Bxg7 Kxg7 12. Qc2 Nc6 13. a3 Rc8 14. e3 e5 15. Qb2 Qe7 16. Rac1 Rfd8 17. Nc4 f6 18.
Rfd1 Nc7 19. Rb1 Ne6 20. Qc3 Rc7 21. Nfd2 Rcd7 22. Ne4 h6 23. g4 Ng5 24. Ng3 Nf7 25. h4 Nd6 26. h5 Nxc4 27. bxc4 Qd6 28. hxg6 Ne7 29. Nf5+ Nxf5 30. gxf5 Bxg2 31. Kxg2 Qc6+ 32. f3 h5 33. Kf2 Rh8 34. Rh1 Rd6 35. Rh4 Qd7 36.
Ke2 Qxf5 37. Rg1 Rhd8 38. e4 Qe6 39. Rxh5 Rh8 40. Rxh8 Kxh8 41. Qe1 Kg8 42. Qh4 Rd7 43. Rh1 Kf8 44. Qh8+ Qg8 45. Qxf6+ Ke8 46. Rh8 1-0

[Event "Late-Titled-Tuesday-Blitz-September-05-2023"]
[Site "Chess.com"]
[Date "2023.09.05"]
[Round "11"]
[White "valemava"]
[Black "IMGC"]
[Result "0-1"]
[WhiteElo "2303"]
[BlackElo "2429"]
[TimeControl "180+1"]
[EndTime "16:05:05 PDT"]
[Termination "IMGC won by checkmate"]

1. e4 b6 2. Nc3 Bb7 3. Bc4 e6 4. d3 d5 5. Bb3 d4 6. Nce2 c5 7. f4 Nc6 8. Nf3 Nf6 9. O-O Be7 10. c3 dxc3 11. bxc3 O-O 12. h3 Ba6 13. Ne1 c4 14.
dxc4 Qxd1 15. Bxd1 Nxe4 16. Bb3 Na5 17. Nd4 Nxc4 18.
Rf3 Bf6 19. Bxc4 Bxc4 20. Bb2 Rfd8 21. g4 h6 22. Re3 Nc5 23. Nef3 Na4 24. Ba3 Nxc3 25.
Rxc3 Rxd4 26. Rac1 b5 27. Kf2 Rd5 28. Re3 Rad8 29.
Bb4 Rd3 30. Ne5 Rxe3 31. Kxe3 Bxa2 32. Nc6 Ra8 33. Rc5 Bd5 34. Ne5 a5 35. Bd2 b4 36.
Rb5 b3 37. Bc3 a4 38. Nd3 Bxc3 39. f5 a3 40. fxe6 Bxe6 41. Nf4 a2 42. Nxe6 fxe6 43. g5 hxg5 44. Rxg5 Bf6 45. Rg1 a1=Q 46. Rxa1 Rxa1 47. Kf4 b2 48. Kg4 b1=Q 49. Kh5 Qf5# 0-1

[Event "Late-Titled-Tuesday-Blitz-September-05-2023"]
[Site "Chess.com"]
[Date "2023.09.05"]
[Round "11"]
[White "RIPOL"]
[Black "jk13"]
[Result "0-1"]
[WhiteElo "2459"]
[BlackElo "2703"]
[TimeControl "180+1"]
[EndTime "16:05:07 PDT"]
[Termination "jk13 won by resignation"]

1. d4 Nf6 2. c4 e6 3. Nc3 Bb4 4.
f3 O-O 5. e3 d5 6. a3 Bxc3+ 7. bxc3 c5 8. cxd5 exd5 9. Bd3 b6 10. Ne2 Ba6 11. O-O Re8 12. Ng3 Qc8 13.
Ra2 Bxd3 14. Qxd3 Qa6 15. Qd1 Qc4 16. Rc2 Nc6 17. Bb2 Rxe3 18. Nf5 Re6 19. Qd2 h6 20. g4 Rae8 21. Rf2 Nh7 22. h4 Qa2 23. Kg2 Re1 24. Bc1 Qc4 25. Qf4 Qd3 26. Nd6 Rf8 27.
dxc5 Qd1 28. Qh2 bxc5 29. Bf4 Qd3 30. Rcd2 Qb1 31. Rxd5 Nf6 32. Rf5 Rd8 33. Rxf6 gxf6 34. Bxh6 Ne5 35. Nf5 Rdd1 36. g5 Rg1+ 37. Kh3 Rh1 0-1

[Event "Late-Titled-Tuesday-Blitz-September-05-2023"]
[Site "Chess.com"]
[Date "2023.09.05"]
[Round "11"]
[White "temus_galaktionov"]
[Black "tptagain"]
[Result "0-1"]
[WhiteElo "2825"]
[BlackElo "2977"]
[TimeControl "180+1"]
[EndTime "16:05:08 PDT"]
[Termination "tptagain won by resignation"]

1. d4 g6 2. Nf3 Bg7 3. c4 d6 4.
e4 Bg4 5. Be2 Nf6 6. Nc3 O-O 7.
O-O Nfd7 8. Be3 e5 9. dxe5 dxe5 10. b4 Bxf3 11. Bxf3 Nc6 12. Qa4 a5 13. bxa5 Rxa5 14. Qb3 b6 15. Nb5 Nd4 16. Nxd4 exd4 17. Bd2 Nc5 18. Qd1 Ra4 19. Qc1 d3 20. Rb1 Rxa2 21.
Rd1 Bd4 22. Be1 Qf6 23. Rd2 Rfa8 24. e5 Qxe5 25. Bxa8 Rxa8 26. Qd1 Bc3 27. Qf3 Re8 28. h4 Bxd2 29. Bxd2 Qf5 30. Qc6 Re2 31. Be3 Rxe3 32.
fxe3 d2 33. Rd1 Qc2 34. Qe8+ Kg7 35. Qe5+ Kf8 36. Qh8+ Ke7 37. Qe5+ Ne6 38. Qa1 f6 39. Kf2 Nc5 40. Qb1 Qxb1 41. Rxb1 Ne4+ 0-1

[Event "Late-Titled-Tuesday-Blitz-September-05-2023"]
[Site "Chess.com"]
[Date "2023.09.05"]
[Round "11"]
[White "TigrVShlyape"]
[Black "jefferyx"]
[Result "1-0"]
[WhiteElo "2899"]
[BlackElo "3003"]
[TimeControl "180+1"]
[EndTime "16:05:09 PDT"]
[Termination "TigrVShlyape won by resignation"]

1. e4 e6 2. d4 d5 3. Nc3 Bb4 4. e5 b6 5. Qg4 Bf8 6. Nf3 Qd7 7. Bd3 Ba6 8. O-O Ne7 9. Ne2 c5 10. Ng3 Bxd3 11. cxd3 Nbc6 12. dxc5 bxc5 13. Nh5 Nf5 14. Be3 Rb8 15. b3 Rb4 16. Qh3 Be7 17. Bd2 Rb8 18. g4 Nfd4 19. Nxd4 Nxd4 20. Nxg7+ Kd8 21. f4 Kc7 22. Kh1 h6 23. f5 Bg5 24. Qg2 Bxd2 25.
Qxd2 Rbg8 26. Nh5 Qc6 27. Nf6 Rc8 28. Rac1 Kb7 29. b4 c4 30. Qe3 Nb5 31. a4 d4+ 32. Qf3 Nc3 33. dxc4 Qxf3+ 34. Rxf3 Rxc4 35. Ne4 Rxb4 36.
Nxc3 dxc3 37. Rfxc3 Rxg4 38. Rc7+ Kb8 39. Rxf7 exf5 40.
a5 Re8 41. a6 Rg6 42. Rf6 Rxf6 43.
exf6 Re6 44. f7 Rf6 45. Rb1+ Kc7 46. Rb7+ Kc6 47. Kg2 f4 48. Kf3 h5 49. Rxa7 Kb6 50. Re7 1-0

[Event "Late-Titled-Tuesday-Blitz-September-05-2023"]
[Site "Chess.com"]
[Date "2023.09.05"]
[Round "11"]
[White "Jenia84"]
[Black "WPWPWP-2015"]
[Result "0-1"]
[WhiteElo "2361"]
[BlackElo "2548"]
[TimeControl "180+1"]
[EndTime "16:05:11 PDT"]
[Termination "WPWPWP-2015 won by resignation"]

1. e4 c5 2. Nf3 d6 3. d4 cxd4 4. Nxd4 Nf6 5. Nc3 a6 6. f3 e6 7. Be3 Be7 8. Qd2 b5 9. a3 Qc7 10. g4 h6 11. h4 Nbd7 12. O-O-O Ne5 13. Be2 Bb7 14. g5 Nfd7 15. f4 Nc4 16. Ndxb5 axb5 17. Nxb5 Qc6 18. Bxc4 Qxc4 19. Nxd6+ Bxd6 20. Qxd6 Qc6 21. Qd4 e5 22. fxe5 Rc8 23. c3 Nf8 24. gxh6 gxh6 25.
e6 Rh7 26. exf7+ Rxf7 27. Rhf1 Qxe4 28. Rxf7 Kxf7 29. Rf1+ Ke8 30. Qxe4+ Bxe4 31. Bxh6 Ne6 32. Re1 Bd5 33. Be3 Bb3 34. h5 Kf7 35. h6 Kg6 36. Rg1+ Kh7 37. Rg4 Rd8 38. Bd4 Kxh6 39. Kd2 Kh5 40. Re4 Kg6 41. Ke3 Kf7 42. Re5 Rg8 43.
Rb5 Bc4 44. Rb7+ Kg6 45. a4 Ra8 46. b3 Bd5 47. c4 Bxb7 0-1

[Event "Late-Titled-Tuesday-Blitz-September-05-2023"]
[Site "Chess.com"]
[Date "2023.09.05"]
[Round "11"]
[White "jcmesafischer"]
[Black "egnfanclub"]
[Result "0-1"]
[WhiteElo "2393"]
[BlackElo "2305"]
[TimeControl "180+1"]
[EndTime "16:05:11 PDT"]
[Termination "egnfanclub won on time"]

1. Nf3 Nf6 2. c4 c5 3. Nc3 d5 4.
cxd5 Nxd5 5. g3 Nc6 6. Bg2 Nc7 7. O-O e5 8. b3 Be7 9. Bb2 O-O 10. Rc1 f6 11. e3 Bf5 12. d4 cxd4 13. exd4 exd4 14. Ne2 d3 15. Ned4 Nxd4 16. Nxd4 Bg6 17. Bxb7 Qd7 18.
Bc6 Qd6 19. Bxa8 Rxa8 20. Qf3 Re8 21. Rfd1 Ne6 22. Nf5 Qd7 23. Rxd3 Qb5 24. Rd5 Qa6 25. Nxe7+ Rxe7 26. Re1 Qxa2 27. Rd6 Qxb2 28. Rdxe6 Rxe6 29. Rxe6 Qb1+ 30. Kg2 h6 31. Qa8+ Kh7 32. Qxa7 Be4+ 33.
f3 Qc2+ 34. Kh3 Bf5+ 35. g4 Bxe6 36. Qe3 Qxb3 37. Qxe6 Qxe6 38. Kg3 Qe5+ 0-1

[Event "Late-Titled-Tuesday-Blitz-September-05-2023"]
[Site "Chess.com"]
[Date "2023.09.05"]
[Round "11"]
[White "cande_francisco"]
[Black "newyorkmouse"]
[Result "1/2-1/2"]
[WhiteElo "2531"]
[BlackElo "2466"]
[TimeControl "180+1"]
[EndTime "16:05:14 PDT"]
[Termination "Game drawn by repetition"]

1. e4 c5 2. Nf3 d6 3. Bb5+ Nd7 4. d4 cxd4 5. Qxd4 e5 6. Qd3 h6 7. Nc3 Nf6 8. Be3 Be7 9. a4 O-O 10. h3 Qc7 11. O-O Nc5 12. Bxc5 Qxc5 13. Nd2 Be6 14.
Bc4 Bxc4 15. Nxc4 Rac8 16. Ne3 Rfd8 17. a5 Bf8 18. Ra4 a6 19. Rfa1 Qc6 20. Rc4 Qe8 21. Ncd5 Nxd5 22. Nxd5 Rxc4 23. Qxc4 Rc8 24. Qb3 Qc6 25.
Re1 Qxc2 26. Qxb7 Rc4 27. Qa8 g6 28. Nf6+ Kg7 29. Nd7 Rc8 30. Qxa6 Qd2 31. Qxc8 Qxe1+ 32. Kh2 Be7 33. Qe8 Qxe4 34. Qxe7 Qf4+ 35. Kg1 Qc1+ 36. Kh2 Qf4+ 37. Kh1 Qc1+ 38. Kh2 Qf4+ 1/2-1/2

[Event "Late-Titled-Tuesday-Blitz-September-05-2023"]
[Site "Chess.com"]
[Date "2023.09.05"]
[Round "11"]
[White "emeli_chess"]
[Black "ChEsper99"]
[Result "0-1"]
[WhiteElo "2364"]
[BlackElo "2206"]
[TimeControl "180+1"]
[EndTime "16:05:15 PDT"]
[Termination "ChEsper99 won by resignation"]

1. d4 d5 2. c4 c6 3. Nc3 Nf6 4. e3 Bf5 5. Nf3 e6 6. Nh4 Be4 7. f3 Bg6 8. Bd2 Be7 9. Nxg6 hxg6 10. Qb3 Qc7 11. O-O-O dxc4 12. Bxc4 b5 13. Bxe6 fxe6 14. Qxe6 Qd6 15. Qxd6 Bxd6 16. h3 Nbd7 17. e4 Bb4 18. Bf4 Bxc3 19. bxc3 O-O 20. Bd6 Rfe8 21. Kc2 Rac8 22. h4 Re6 23. e5 Nd5 24. Kd3 Nf4+ 25. Ke4 Ne2 26. Kd3 Ng3 27. Rh3 Nf5 28. Ba3 c5 29. g4 Ne7 30. Ke4 Nf6+ 31. Kf4 Nfd5+ 32. Kg3 Nxc3 33. Rd3 Ne2+ 34. Kf2 Nf4 35. Ke3 Nxh3 36. f4 cxd4+ 37. Rxd4 Nc6 38. Rd7 b4 39. Bb2 Re7 40. Rd6 Na5 41. Rxg6 Nc4+ 42. Ke4 Nxb2 43. f5 Rc4+ 44. Kd5 Rd7+ 45. Rd6 Rxd6+ 46. Kxd6 Nd3 47. e6 Re4 48. g5 Nhf4 49. Kd7 Kf8 50. Kd8 Nc5 51.
Kc7 Ncxe6+ 52. fxe6 Nxe6+ 53. Kd6 Nxg5 54. hxg5 Rg4 55.
Kc5 Rxg5+ 56. Kxb4 Rf5 57. a4 g5 58. a5 g4 59. a6 g3 0-1

[Event "Late-Titled-Tuesday-Blitz-September-05-2023"]
[Site "Chess.com"]
[Date "2023.09.05"]
[Round "11"]
[White "in_shambles"]
[Black "Perdomov"]
[Result "1-0"]
[WhiteElo "2127"]
[BlackElo "2148"]
[TimeControl "180+1"]
[EndTime "16:05:15 PDT"]
[Termination "in_shambles won on time"]

1. d4 c5 2. d5 e6 3. c4 exd5 4. cxd5 d6 5. Nc3 Nf6 6. g3 g6 7. Bg2 Bg7 8. Nf3 O-O 9. O-O a6 10. a4 Bg4 11. Re1 b6 12. Nd2 Re8 13. Nc4 Ra7 14.
Bf4 Rd7 15. h3 Bf5 16. e4 g5 17. Bxg5 Bg6 18. Qd2 Qc7 19. Be3 Rde7 20. e5 Rxe5 21. Nxe5 Rxe5 22. Bf4 Rxe1+ 23. Rxe1 Nbd7 24. Qe2 Qb7 25. Bxd6 b5 26. axb5 a5 27. Na4 Nxd5 28. Qe8+ Nf8 29.
Nxc5 Qxb5 30. Qxb5 Nf6 31. g4 h6 32. f4 Bc2 33. g5 hxg5 34. fxg5 Nh5 35. Re8 1-0

[Event "Late-Titled-Tuesday-Blitz-September-05-2023"]
[Site "Chess.com"]
[Date "2023.09.05"]
[Round "11"]
[White "GM_dmitrij"]
[Black "Bigfish1995"]
[Result "1-0"]
[WhiteElo "3063"]
[BlackElo "3077"]
[TimeControl "180+1"]
[EndTime "16:05:16 PDT"]
[Termination "GM_dmitrij won on time"]

1. e4 a6 2. d4 e6 3. Bd3 g6 4. f4 c5 5. dxc5 Bxc5 6. Nf3 Nc6 7.
Qe2 Nf6 8. Be3 Qa5+ 9. Nbd2 d5 10. Bxc5 Qxc5 11. e5 Ng4 12. Nb3 Qb6 13. c3 h5 14. h3 Ne3 15. Nbd4 Nf5 16. Bxf5 gxf5 17. O-O Bd7 18. Qe3 Qd8 19. Nxc6 bxc6 20. b4 a5 21. a3 Qc7 22. Nd4 c5 23. bxc5 Rc8 24. Qg3 Qxc5 25.
Rfc1 h4 26. Qg7 Qf8 27. Qf6 Rh6 28. Qg5 Qh8 29. Nf3 Bc6 30. Rab1 Kd7 31. c4 Rg8 32. cxd5 Bxd5 33. Rc7+ Kxc7 34. Qe7+ Kc8 35. Qc5+ Kd7 36. Qd6+ 1-0